 Dungeon Crawl Stone Soup version 0.26-a0-663-g36e8fdb655 (webtiles) character file.

Game seed: 13702422510361933229

100 grandjackal the Ducker (level 4, -2/35 HPs)
             Began as a Demonspawn Gladiator on Oct 12, 2020.
             Slain by a gnoll
             ... wielding a +0 spear
              (8 damage)
             ... on level 2 of the Dungeon.
             The game lasted 00:01:40 (1673 turns).

grandjackal the Ducker (Demonspawn Gladiator)       Turns: 1673, Time: 00:01:41

Health: -2/35      AC:  5    Str: 16    XL:     4   Next: 46%
Magic:  4/4        EV: 13    Int:  9    God:
Gold:   21         SH:  0    Dex: 14    Spells: 3/3 levels left

rFire    . . .     SeeInvis .   a - +0 long sword
rCold    . . .     Faith    .   (no shield)
rNeg     . . .     Spirit   .   b - +0 leather armour
rPois    .         Reflect  .   c - +0 helmet
rElec    .         Harm     .   f - +0 cloak
rCorr    .         Rampage  .   (no gloves)
MR       .....                  (no boots)
Stlth    +.........             (no amulet)
HPRegen  0.11/turn              (no ring)
MPRegen  0.09/turn              (no ring)

@: no status effects
A: hooves 1
a: no special abilities


You were on level 2 of the Dungeon.
You visited 1 branch of the dungeon, and saw 2 of its levels.

You collected 21 gold pieces.

Inventory:

Hand Weapons
 a - a +0 long sword (weapon)
Missiles
 d - 3 throwing nets (quivered)
Armour
 b - a +0 leather armour (worn)
 c - a +0 helmet (worn)
 f - a +0 cloak (worn)
Scrolls
 e - 2 scrolls of remove curse {unknown}
 g - a scroll of random uselessness {unknown}
 h - a scroll of magic mapping {unknown}
 j - a scroll of teleportation {unknown}
Potions
 i - a potion of haste {unknown}
 k - a potion of lignification {unknown}


   Skills:
 + Level 3.2 Fighting
 + Level 3.5 Long Blades
 - Level 1.7 Throwing
 + Level 3.5 Dodging


You had 3 spell levels left.
You didn't know any spells.
Your spell library was empty.

Dungeon Overview and Level Annotations

Branches:
Dungeon (2/15)

Altars:
Dithmenos
Makhleb
Wu Jian


Innate Abilities, Weirdness & Mutations

You have large cloven feet.


Message History

You closely miss the gnoll. The gnoll closely misses you. x2
You slash the gnoll!
The gnoll is severely wounded.
The gnoll hits you but does no damage.
The gnoll hits you from afar with a +0 spear.
The gnoll barely misses you.
You riposte.
You hit the gnoll.
The gnoll is almost dead.
You hit the gnoll.
You kill the gnoll!
The gnoll barely misses you. The gnoll barely misses you.
Things that are here:
a +0 spear; a gnoll corpse You hit the gnoll but do no damage.
The gnoll misses you. The gnoll hits you with a +0 spear!
* * * LOW HITPOINT WARNING * * *
You hit the gnoll.
The gnoll is moderately wounded.
The gnoll hits you with a +0 spear!
You die...

#........#####
#........#
#........#
#g.......#####
#........##...
######........##.##
#.....g.......'...#
##g###........##..#
#@#..........#####
#)#.#........#####
#.#.####.#....l...
#.#.# #.#.#######
##.#.# #.#.# #
#....# #.#.#
##.######.#.#
#........#.#
#.########.#


You could see a gnoll.

Vanquished Creatures
  2 adders (D:2)
  3 gnolls (D:2)
  2 dart slugs (D:1)
  A ball python (D:1)
  2 giant cockroaches (D:2)
  4 goblins
  9 hobgoblins
  5 kobolds
  12 bats
  3 frilled lizards
  5 rats
48 creatures vanquished.

Notes
Turn   | Place    | Note
-------+----------+-------------------------------------------
     0 | D:1      | grandjackal the Demonspawn Gladiator began the quest for
                  | the Orb.
     0 | D:1      | Reached XP level 1. HP: 16/16 MP: 1/1
   246 | D:1      | Gained mutation: You have large cloven feet. [demonic
                  | ancestry]
   246 | D:1      | Reached XP level 2. HP: 21/22 MP: 2/2
   829 | D:1      | Reached XP level 3. HP: 28/28 MP: 3/3
  1418 | D:2      | Found a burning altar of Makhleb.
  1431 | D:2      | Found an ornate altar of the Wu Jian Council.
  1432 | D:2      | Found a shadowy altar of Dithmenos.
  1508 | D:2      | Reached XP level 4. HP: 21/35 MP: 4/4
  1673 | D:2      | Slain by a gnoll

Illustrated notes

Levels and vault maps discovered:
D:1:      mushboom_english_gardens, layout_basic, serial_bayou_crossing
D:2:      layout_basic, grunt_temple_overflow_open, minmay_diced_spiral

Skill      XL: |  1  2  3 |
---------------+----------+-----
Long Blades    | 3 |  3.5
Dodging        | 3 |  3.5
Fighting       | 3 |  3.2
Throwing       | |  1.7

Action                   |  1- 3 |  4- 6 || total
-------------------------+-------+-------++-------
Melee: Long sword        |   103 |    10 ||   113
       Kick              |    16 |     1 ||    17
 Stab: Sleeping          |     1 |       ||     1
Armor: Leather armour    |    46 |     3 ||    49
Dodge: Dodged            |    94 |     9 ||   103
       Rpst.: Long sword |    21 |     4 ||    25

Table legend: (Time is in decaauts)
 A = Elapsed time spent in this place.
 B = Non-inter-level travel time spent in this place.
 C = Inter-level travel time spent in this place.
 D = Time resting spent in this place.
 E = Time spent auto-exploring this place.
 F = Levels seen in this place.
 G = Mean time per level.
                   A        B        C        D        E       F      G
               +--------+--------+--------+--------+--------+-----+--------+
         Total |   1706 |   1691 |     15 |    534 |    789 |   2 |  853.0 |
       Dungeon |   1706 |   1691 |     15 |    534 |    789 |   2 |  853.0 |
               +--------+--------+--------+--------+--------+-----+--------+

Top non-repeatable levels by time:
     D:1: 1231 daAuts
     D:2: 475 daAuts
